Description

An version of Zuka's Robo Expand CIA build with faster tech, upgrades, and expansions, and more workers and army supply if executed tightly.

Replay - Robo First Macro CIA

Build Order

Get SALT Encoding   

  6  0:00  Probe  
  13  0:12  Probe  
  14  0:17  Pylon  At main ramp
  14  0:24  Probe  
  15  0:36  Probe (Chrono Boost), Gateway  Chrono nexus
  16  0:47  Assimilator  Scout for cannon rush with this probe
  16  0:48  Probe x2 (Chrono Boost)  
  17  0:55  Assimilator  
  18  1:03  Probe  
  19  1:07  Gateway  
  19  1:15  Probe  
  20  1:23  Cybernetics Core  
  20  1:27  Probe (Chrono Boost)  
  20  1:30  Pylon  
  21  1:38  Probe (Chrono Boost)  
  24  1:58  Warp Gate (Chrono Boost)  chrono this once
  24  1:59  Stalker x2  
  28  2:13  Pylon  At natural
  28  2:25  Sentry  hallucinate phoenix as soon as you have energy
  30  2:33  Nexus  Stop at 24 probes to get this down. Resume probing after robo is placed
  30  2:42  Robotics Facility  
  31  2:53  Sentry  
  34  3:04  Shield Battery  At natural, for safety
  34  3:06  Pylon  
  36  3:30  Immortal  
  40  3:39  Stalker  2 stalkers in main mineral line to defend against oracle
  44  3:49  Stalker  
  49  4:05  Forge  Get this once you confirm opponent has natural + 2 gateways + tech (robo/twilight/stargate)
  52  4:10  Observer  
  52  4:11  Pylon  
  54  4:27  Protoss Ground Weapons Level 1 (Chrono Boost)  Keep upgrading weapons and chronoing
  54  4:31  Immortal  
  61  4:45  Gateway x2  Gateways 3-4
  63  4:53  Twilight Council  
  64  5:00  Assimilator x2  
  66  5:14  Immortal  
  70  5:29  Nexus  
  70  5:35  Charge  
  73  5:48  Templar Archives  
  76  6:07  Immortal  
  76  6:08  Shield Battery  At 3rd base
  82  6:20  Gateway x3  Gateways 5-8
  84  6:28  Gateway  
  85  6:34  High Templar x2  Morph all templar into archons
  85  6:37  Zealot  
  85  6:39  Archon  
  92  6:53  Assimilator x2  
  96  7:04  Zealot  
  96  7:07  High Templar x2  
  104  7:10  Zealot  
  108  7:21  Zealot x2  
  113  7:24  High Templar  
  119  7:43  High Templar x3  
  124  7:46  Archon x2, Nexus  
  128  7:51  Zealot x2  
Spawning Tool Build Advisor. Get it on Overwolf

Analysis

Zuka's build is solid, but I felt like the expansions were a bit too delayed. This build halts probe production at 28 supply to get a much faster nexus without delaying the robo, along with faster sentries while maintaining stalker count. You can get 3 sentries instead of 2 if you want constant phoenix hallucinations. After the build completes, start stargates so you can get either carriers or tempests.

If the opponent is playing stalker/disruptor, Zuka recommends getting 2 stargates so you can lift the disruptors with phoenix.

Compared to Zuka's build: Later - 1st hallucination, 3rd stalker Faster - robo, 2nd & 3rd bases, charge, templar archives, 3rd-8th gateways Additional - 1 more stalker, so you can have 2 stalkers in each mineral line

Go to:

Details

  • Created by: flashandfoul
  • Published on: Jan 24, 2023
  • Modified on: Oct 21, 2023
  • Patch: 5.0.11
  • Difficulty: Medium
Show
View Real Time Build Order
Export as new Build Order

Comments (0)

There are no comments. Be the first!

Create an account to comment!